 Dungeon Sprint DCSS version 0.30.1 (webtiles) character file.

Game seed: 14184291045789974507

564 boopmooplesden the Spear-Bearer (level 7, -2/64 HPs)
             Began as a Demonspawn Berserker on July 5, 2023.
             Was a Priest of Trog.
             Slain by a fire elemental (6 damage)
             ... summoned by a deep elf pyromancer
             ... in the Dungeon (Sprint III: "The Ten Rune Challenge").
             The game lasted 00:01:53 (897 turns).

boopmooplesden the Spear-Bearer (DsBe)               Turns: 897, Time: 00:01:54

Health: -2/64      AC:  4    Str: 19    XL:     7   Next: 10%
Magic:  7/7        EV: 14    Int:  8    God:    Trog [***...]
Gold:   36         SH:  0    Dex: 13    Spells: 6/6 levels left

rFire   + . .        a - +0 spear
rCold   . . .        (no shield)
rNeg    . . .        b - +0 animal skin
rPois   .            (helmet restricted)
rElec   .            (no cloak)
rCorr   .            (no gloves)
SInv    .            (no boots)
Will    ++...        (no amulet)
Stlth   ++           (no ring)
HPRegen 1.30/turn    (no ring)
MPRegen 0.10/turn

%: no teleportation
@: strong-willed, on berserk cooldown, regenerating, slowed, very slow
A: horns 1, yellow scales 1, powered by death 1, condensation shield, fire
resistance 1, high MP 1, screaming 1, wild magic 1
a: Renounce Religion, Berserk, Trog's Hand


You were in the Dungeon.
You worshipped Trog.
Trog was most pleased with you.
You visited 1 branch You collected 36 gold pieces.

Inventory:

Hand Weapons
 a - a +0 spear (weapon)
Armour
 b - a +0 animal skin (worn)
Scrolls
 h - a scroll of blinking
 j - 2 scrolls of poison {unknown}
 k - 3 scrolls of identify
Potions
 c - 2 potions of curing
 e - 2 potions of haste
 f - 2 potions of magic
 g - a potion of berserk rage
 i - a potion of mutation
 l - a potion of might
 m - 4 potions of flight


   Skills:
 + Level 9.2 Fighting
 + Level 9.8 Polearms
 + Level 4.2 Armour
 + Level 5.3 Dodging
 + Level 0.9 Stealth
 + Level 1.9 Shields


You had 6 spell levels left.
You didn't know any spells.
Your spell library was empty.

Dungeon Overview and Level Annotations

Branches:
Dungeon (1/1)

Altars:
Dithmenos
Kikubaaqudgha
Okawaru
Ru
Sif Muna
Trog
Uskayaw
Vehumet
Wu Jian
Yredelemnul


Innate Abilities, Weirdness & Mutations

You have a pair of small horns on your head.
You are partially covered in yellow scales. (AC +2)
You regenerate a little health from kills.
A meltable shield of frost defends you. (SH +0)
Your flesh is heat resistant. (rF+)
You have an increased reservoir of magic. (+10% MP)
You occasionally shout uncontrollably at your foes.
Your spells are a little harder to cast, but a little more powerful.


Message History

You convulse.
The fire elemental misses you. The fire elemental barely misses you.
The deep elf pyromancer hits you with a +1 long sword of holy wrath.
You convulse.
The fire elemental misses you.
Your two-headed ogre goes berserk!
You can no longer call in reinforcements.
The fire elemental hits you. The fire elemental burns you! You resist.
The fire elemental misses you. The fire elemental barely misses you.
The deep elf pyromancer hits you with a +1 long sword of holy wrath.
* * * LOW HITPOINT WARNING * * *
You convulse.
* * * LOW HITPOINT WARNING * * *
You swap places.
Your two-headed ogre hits the fire elemental with a +0 giant club!
Your two-headed ogre hits the fire elemental with a +0 giant spiked club!
The deep elf pyromancer completely misses your two-headed ogre.
The fire elemental hits your two-headed ogre.
The fire elemental burns your two-headed ogre!
The fire elemental hits you. The fire elemental burns you! You resist.
* * * LOW HITPOINT WARNING * * *
The deep elf pyromancer mumbles some strange words.
The deep elf pyromancer blinks!
You hit the fire elemental but do no damage.
You headbutt the fire elemental.
The fire elemental is severely damaged.
Your two-headed ogre misses the fire elemental.
Your two-headed ogre hits the fire elemental with a +0 giant spiked club!!
The fire elemental is destroyed!
The fire elemental disappears in a puff of smoke!
The fire elemental misses you.
You hit the fire elemental. You headbutt the fire elemental.
The fire elemental is moderately damaged.
Your two-headed ogre closely misses the fire elemental.
Your two-headed ogre hits the fire elemental with a +0 giant spiked club!!
The fire elemental hits you. The fire elemental burns you! You resist.
* * * LOW HITPOINT WARNING * * *
The fire elemental hits you.
* * * LOW HITPOINT WARNING * * *
The fire elemental burns you! You resist.
You die...

▓▓▓▓▓▓▓ ▓▓▓ .'....♣
♣.############ .#....♣♣♣
♣.#___#___#__# ##......♣
♣.#...#__)#._# .#....~.♣♣
♣.###'#'###)## .#...~~♣.♣
♣.#°§@.......#
.#†.~~~~.♣♣♣.'.OE.......#
'#..~≈≈~~~♣♣.#.°.######+#
†#.~~≈~~~....#.⌠.#
.#.~≈~~~.....#...#
.#.~~~.......#'###
##...........#e):#
.............#___#
▓▓▓▓▓▓▓▓▓▓▓▓▓▓▓▓▓▓


You could see a deep elf pyromancer, a fire elemental (summoned, ally target)
and a friendly two-headed ogre (summoned, berserk).

Vanquished Creatures
  A water elemental (D)
  A necrophage (D)
  A scorpion (D)
  Jessica (D)
  A wizard (D)
  A necromancer (D)
  A kobold demonologist (D)
  3 humans (D)
  An endoplasm (D)
  2 rats (D)
13 creatures vanquished.

Notes
Turn   | Place    | Note
-------+----------+-------------------------------------------
     0 | D        | boopmooplesden the Demonspawn Berserker began the quest for
                  | the Orb.
     0 | D        | Reached XP level 1. HP: 18/18 MP: 1/1
    16 | D        | Noticed Jessica
    18 | D        | Reached ** piety under Trog
    20 | D        | Killed Jessica
    21 | D        | Gained mutation: A meltable shield of frost defends you.
                  | (SH +0) [demonic ancestry]
    21 | D        | Reached XP level 2. HP: 20/26 MP: 2/2
    21 | D        | Gained mutation: You are partially covered in yellow
                  | scales. (AC +2) [demonic ancestry]
    21 | D        | Reached XP level 3. HP: 23/31 MP: 3/3
   104 | D        | HP: 2/46 [human (2)]
   106 | D        | Reached skill level 5 in Fighting
   222 | D        | Noticed a scorpion
   235 | D        | Killed a scorpion
   236 | D        | Reached XP level 4. HP: 36/40 MP: 4/4
   265 | D        | Gained mutation: Your spells are a little harder to cast,
                  | but a little more powerful. [potion of mutation]
   265 | D        | Gained mutation: Your flesh is heat resistant. (rF+)
                  | [potion of mutation]
   265 | D        | Gained mutation: You occasionally shout uncontrollably at
                  | your foes. [potion of mutation]
   265 | D        | Gained mutation: You have an increased reservoir of magic.
                  | (+10% MP) [potion of mutation]
   270 | D        | Noticed a water elemental
   275 | D        | Killed a water elemental
   275 | D        | Reached *** piety under Trog
   276 | D        | Reached skill level 1 in Shields
   276 | D        | Reached XP level 5. HP: 47/47 MP: 5/5
   418 | D        | Found a basalt altar of Yredelemnul.
   418 | D        | Found a shadowy altar of Dithmenos.
   418 | D        | Found a sacrificial altar of Ru.
   681 | D        | Found a hide-covered altar of Uskayaw.
   681 | D        | Found an iron altar of Okawaru.
   683 | D        | Found a bloodstained altar of Trog.
   683 | D        | Found an ornate altar of the Wu Jian Council.
   683 | D        | Noticed a human
   683 | D        | Noticed a human
   689 | D        | Killed a human
   689 | D        | Reached **** piety under Trog
   690 | D        | Gained mutation: You have a pair of small horns on your
                  | head. [demonic ancestry]
   690 | D        | Reached XP level 6. HP: 57/57 MP: 6/6
   694 | D        | Killed a human
   695 | D        | Reached skill level 5 in Dodging
   695 | D        | Gained mutation: You regenerate a little health from kills.
                  | [demonic ancestry]
   695 | D        | Reached XP level 7. HP: 64/64 MP: 7/7
   733 | D        | Found a radiant altar of Vehumet.
   735 | D        | Found a shimmering blue altar of Sif Muna.
   735 | D        | Found an ancient bone altar of Kikubaaqudgha.
   880 | D        | Noticed a deep elf pyromancer
   892 | D        | Noticed a fire elemental
   892 | D        | Noticed a fire elemental
   892 | D        | HP: 3/64 [deep elf pyromancer/+1 long sword of holy wrath
                  | (1)]
   897 | D        | Slain by a fire elemental

Illustrated notes

Levels and vault maps discovered:
D:        dungeon_sprint_mu [sprint_mu_entry_forest, sprint_mu_temple_rooms,
          sprint_mu_d1_spiders, sprint_mu_d2_genie, sprint_mu_d3_branching,
          sprint_mu_orc_legion, sprint_mu_elf_gauntlet, sprint_mu_hive_nellie,
          sprint_mu_lair_fedhas, sprint_mu_vaults_butterflies,
          sprint_mu_slime_circle, sprint_mu_swamp_cave, sprint_mu_shoals_kraken,
          sprint_mu_blade_basic, sprint_mu_crypt_lich, sprint_mu_tomb_spiral,
          sprint_mu_vestibule_basic, sprint_mu_gehenna_hellfire,
          sprint_mu_dis_giant, sprint_mu_tartarus_statrot,
          sprint_mu_cocytus_islands, sprint_mu_zot1]

Skill      XL: |  1  2  3  4  5  6 |
---------------+-------------------+-----
Polearms       | 4 6 7 9 |  9.8
Fighting       | 4 6 8 9 |  9.2
Armour         | 2 3 4 |  4.2
Dodging        | 2 3 4 5 |  5.3
Shields        | 1 |  1.9
Stealth        | |  0.9

Action                     |  1- 3 |  4- 6 |  7- 9 || total
---------------------------+-------+-------+-------++-------
  Melee: Spear             |    44 |    26 |    12 ||    82
         Punch             |     2 |       |       ||     2
         Headbutt          |       |     2 |     3 ||     5
 Invoke: Berserk           |     2 |     3 |     2 ||     7
         Trog's Hand       |       |       |     1 ||     1
         Brothers in Arms  |       |       |     1 ||     1
    Use: Potion            |       |     1 |     1 ||     2
 Armour: Animal skin       |     1 |       |     5 ||     6
  Dodge: Dodged            |    18 |     8 |    10 ||    36
  Block: Other             |     8 |       |       ||     8
